woodfighter, neutral female human Archeologist ---------------- ----- ########`#####...............| |<.*| # # |...%..........| |...-#` #......^.....*.|| -----# ###---.------------ ######## # ######## # # # ------------ ### # ### |..`........ # # # |..........| ### # --.--- |..........| # # ------.....#######@q#)......{...| ## # |.....>...| ------------ -----------.---# |.......... |..............## |.........| |.............|# |.........| |..............# |.........| --------------- ----------- woodfighter the Field Worker Experience level: 4 Strength: 9 Dexterity: 11 Constitution: 17 Intelligence: 18 Wisdom: 14 Charisma: 10 Health: 0(38) Energy: 20(20) Def: 1 Gold: 11 Moves: 1118 Dungeon seed: Z8j6WU5kLftTFlUF Game ID: woodfighter_1560639781 Your Inventory: Coins $ - 11 gold pieces Armor e - an uncursed +0 leather jacket (being worn) n - an uncursed +0 fedora (being worn) r - an uncursed +0 orcish helm Comestibles b - 7 uncursed food rations j - 2 uncursed lichen corpses v - an uncursed carrot K - an uncursed egg Wands d - a wand of light (0:11) t - a wand of enlightenment (0:14) Tools a - a +0 pick-axe (weapon in hand) s - an uncursed sack y - an uncursed lock pick z - a magic marker (0:42) Gems N - 2 uncursed amethysts Q - an uncursed touchstone Y - 2 uncursed topazes Contents of the sack: 419 gold pieces a [uncursed] [+0] war hammer named Mjollnir a [uncursed] scroll of confuse monster a [uncursed] scroll of destroy armor a [uncursed] scroll of enchant weapon a [blessed] scroll of identify a [uncursed] scroll of light a [cursed] scroll of remove curse a [uncursed] scroll of scare monster a [uncursed] scroll of scare monster a [uncursed] spellbook of magic missile a [uncursed] potion of extra healing a [cursed] potion of monster detection a [uncursed] potion of paralysis a [uncursed] potion of restore ability a [uncursed] potion of see invisible Spells and supernatural/magical abilities: Name Level Category Fail Memory W - pray for help -- divine ? -- Your skills at the end: Miscellaneous Skills wands [Basic] Weapon Skills pick-axe [Basic] boomerang [Basic] whip [Basic] Spellcasting Skills Final Attributes: You were devoutly aligned. You were somewhat stealthy. You were fast. You were lucky. You are dead. Vanquished creatures: a fog cloud 2 rothes a dwarf zombie 2 hobbits 3 geckos 2 giant rats a yellow mold 3 jackals 2 kobolds a newt 2 goblins 2 grid bugs a bat 5 lichens 2 kobold zombies 30 creatures vanquished. Voluntary challenges: You did not adorn yourself with jewelry or accessories. You did not cause conflict. You were not invisible. You did not have reflection. You were not displaced. You were an atheist. You used a wielded weapon 67 times, starting on turn 52. You did not apply a unicorn horn. You did not use plumbed fixtures. You did not drink any magical draughts. You were illiterate. You never genocided any monsters. You never polymorphed an object. You never changed form. You used no wishes. You never split a pudding. You never wrote Elbereth's name. You never violated your personal moral code. Dungeon overview: The Dungeons of Doom: levels 1 to 6 Level 1 (water) some fountains a long staircase Level 2 (box) a fountain Level 3 a general store stairs to The Gnomish Mines Level 4 a fountain Level 5 <- You were here a fountain Level 6 The Gnomish Mines: Level 4 stairs to The Dungeons of Doom History has recorded: On T:1 you entered the Dungeons of Doom to retrieve the Amulet of Yendor! On T:55 you reached level 2 of The Dungeons of Doom. On T:288 you advanced to experience level 2. On T:424 you reached level 3 of The Dungeons of Doom. On T:476 you advanced to experience level 3. On T:550 you reached level 1 of The Gnomish Mines. On T:642 you reached level 4 of The Dungeons of Doom. On T:871 you advanced to experience level 4. On T:971 you reached level 5 of The Dungeons of Doom. On T:1097 you reached level 6 of The Dungeons of Doom. Score breakdown: Gold: 430 ( 43 points) Experience: 4 levels ( 300 points) Exploration: 6 levels ( 150 points) Discoveries: 20 items ( 1000 points) Variety of kills: 15 monsters ( 750 points) Major goal: (nothing yet) ( 0 points) Survival: died (score multiplied by 3) Total score: 6729 Latest messages: K - an egg. You see here a rothe corpse. This rothe corpse tastes terrible! You stop eating. (2x) You kill the bat! You stop exploring. The rothe claws you! The rothe just misses! The rothe bites! The bat misses. The bat just misses! The dagger hits the rothe. You have no ammunition readied! F - a runed dagger (in quiver). You fill your quiver: F - a runed dagger (in quiver). You hit the rothe. (2x) The rothe claws you! The rothe bites! (2x) You hit the rothe. (2x) The rothe claws you! The rothe bites! (2x) You die... Final status: Goodbye woodfighter the Archeologist, killed by a rothe... You died in The Dungeons of Doom on dungeon level 5 with 6729 points, and 430 pieces of gold, after 1118 moves. You were level 4 with a maximum of 38 hit points when you died.